 Dungeon Crawl Stone Soup version 0.22.1-1-ga44c0e5 (webtiles) character file.

247 suicidejoker the Archer (level 5, -4/41 HPs)
             Began as a Centaur Hunter on Sept 24, 2018.
             Slain by a bullfrog skeleton (7 damage)
             ... on level 6 of the Dungeon.
             The game lasted 00:04:10 (2396 turns).

suicidejoker the Archer (Centaur Hunter)            Turns: 2396, Time: 00:04:10

Health: -4/41      AC:  4    Str: 15    XL:     5   Next: 85%
Magic:  5/5        EV:  9    Int: 10    God:
Gold:   135        SH:  0    Dex: 10    Spells: 4/4 levels left

rFire    . . .     SeeInvis .   (no weapon)
rCold    . . .     Gourm    .   (no shield)
rNeg     . . .     Faith    .   c - +0 leather armour
rPois    .         Spirit   .   (no helmet)
rElec    .         Reflect  .   (no cloak)
rCorr    .         Harm     .   (no gloves)
MR       .....                  (no barding)
Stlth    +.........             (no amulet)
HPRegen  0.13/turn              (no ring)
MPRegen  0.09/turn              (no ring)

@: very quick
A: large, hooves 3, deformed body, speed 2, tough skin 3
a: no special abilities


You were on level 6 of the Dungeon.
You were not hungry.

You visited 1 branch of the dungeon, and saw 5 of its levels.

You collected 135 gold pieces.

Inventory:

Hand Weapons
 a - a +2 shortbow
 m - a +0 mace
Missiles
 n - 73 stones (quivered)
 o - 8 needles of sleeping
 p - 15 poisoned needles
Armour
 c - a +0 leather armour (worn)
Scrolls
 e - 2 scrolls of identify
 g - 3 scrolls of remove curse
 t - a scroll of magic mapping
Comestibles
 f - 4 rations


   Skills:
 - Level 2.0 Fighting
 + Level 9.4 Bows
 - Level 1.3 Dodging
 - Level 0.4 Stealth


You had 4 spell levels left.
You didn't know any spells.
Your spell library was empty.

Dungeon Overview and Level Annotations

Branches:
Dungeon (6/15)
 Temple: D:4-7

Altars:
Elyvilon

Annotations:
D:4 Blork the orc
D:5 Pikel


Innate Abilities, Weirdness & Mutations

You have hooves in place of feet.
Armour fits poorly on your strangely shaped body.
You cover ground very quickly.
You have extremely tough skin. (AC +3)


Message History

Really attack barehanded? [Y]es or [N]o only, please.
Really attack barehanded?
Okay, then.
Unknown command.
You see here 17 gold pieces.
You now have 135 gold pieces (gained 17).
The slave closely misses you. The slave hits you.
* * * LOW HITPOINT WARNING * * *
The slave barely misses you.
Okay, then.
You aren't carrying any potions.
The slave hits you.
* * * LOW HITPOINT WARNING * * *
The slave hits you.
* * * LOW HITPOINT WARNING * * *
A bullfrog skeleton comes into view.
The bullfrog skeleton hits you!
You die...

#..(..........##.##
##.............#.##
##................#
#................##
##..........p..##.#
#.............###.#
##...........## #.#
###..Z......##
#.### #.....@....##
#.#.# ....###....##
##...# .. ##..##
#....# #### ####.#
###


You could see a slave and a bullfrog skeleton.

Vanquished Creatures
  Sigmund (D:2)
  Jessica (D:2)
  An ooze (D:2)
  A leopard gecko (D:1)
  3 ball pythons
  3 giant cockroaches (D:1)
  2 goblins (D:2)
  9 hobgoblins
  3 jackals (D:2)
  A quokka (D:2)
  8 bats
  2 frilled lizards (D:1)
  6 kobolds
  6 rats
47 creatures vanquished.

Notes
Turn   | Place    | Note
-------+----------+-------------------------------------------
     0 | D:1      | suicidejoker the Centaur Hunter began the quest for the
                  | Orb.
     0 | D:1      | Reached XP level 1. HP: 17/17 MP: 1/1
   261 | D:1      | Reached XP level 2. HP: 24/24 MP: 2/2
   264 | D:1      | Reached skill level 6 in Bows
   958 | D:2      | Reached XP level 3. HP: 29/29 MP: 3/3
   965 | D:2      | Noticed Jessica
   967 | D:2      | Killed Jessica
   967 | D:2      | Reached skill level 7 in Bows
  1409 | D:2      | Found a white marble altar of Elyvilon.
  1469 | D:2      | Reached XP level 4. HP: 36/36 MP: 4/4
  1849 | D:2      | Noticed Sigmund
  1889 | D:2      | Killed Sigmund
  1889 | D:2      | Reached skill level 9 in Bows
  1889 | D:2      | Reached XP level 5. HP: 20/41 MP: 5/5
  2256 | D:2      | You fall through a shaft for 2 floors!
  2284 | D:4      | Noticed Blork the orc
  2292 | D:5      | Entered Level 5 of the Dungeon
  2324 | D:5      | Noticed a slave
  2325 | D:5      | Noticed a slave
  2328 | D:5      | Noticed a slave
  2329 | D:5      | Noticed Pikel
  2381 | D:6      | HP: 2/41 [slave[Pikel] (3)]
  2396 | D:6      | Slain by a bullfrog skeleton

Skill      XL: |  1  2  3  4 |
---------------+-------------+-----
Bows           | 6 7 9 |  9.4
Fighting       | |  2.0
Dodging        | |  1.3
Stealth        | |  0.4

Action                   |  1- 3 |  4- 6 || total
-------------------------+-------+-------++-------
Melee: Short sword       |    14 |     1 ||    15
       Kick              |     3 |     3 ||     6
       Mace              |       |    18 ||    18
 Fire: Shortbow          |    95 |    18 ||   113
Throw: Stone             |    32 |    12 ||    44
  Use: Potion            |       |     3 ||     3
       Scroll            |       |     7 ||     7
  Eat: Chunk             |       |     3 ||     3
Armor: Leather armour    |    17 |     8 ||    25
Dodge: Dodged            |    26 |    26 ||    52
